 Dungeon Crawl Stone Soup version 0.19-a0-61-g4dc4c6e (webtiles) character file.

6696 mrath the Thaumaturge (level 10, 0/81 HPs)
             Began as a Purple Draconian Earth Elementalist on May 9, 2016.
             Was a Priest of Sif Muna.
             Slain by a hippogriff (1 damage)
             ... on level 10 of the Dungeon.
             The game lasted 01:43:05 (14521 turns).

mrath the Thaumaturge (DrEE)                       Turns: 14521, Time: 01:43:07

Health: 0/81       AC:  9    Str: 11    XL:     10   Next: 74%
Magic:  6/33       EV: 14    Int: 22    God:    Sif Muna [***...]
Gold:   619        SH:  0    Dex: 11    Spells: 7 memorised, 12 levels left

rFire  . . .     SeeInvis .     h - +4 short sword
rCold  . . .     Gourm    .     (armour unavailable)
rNeg   . . .     Faith    .     (no shield)
rPois  .         Spirit   .     (helmet restricted)
rElec  .         Dismiss  .     o - +0 cloak
rCorr  .         Reflect  .     w - +0 pair of gloves
SustAt .         Harm     .     (no boots)
MR     +....                    (no amulet)
Stlth  ++........               b - ring of magical power
                                K - +3 ring of intelligence

@: somewhat resistant to hostile enchantments, unstealthy
A: breathe power, unfitting armour, cold-blooded, AC +7
a: Breathe Dispelling Energy, Channel Energy, Renounce Religion


You were on level 10 of the Dungeon.
You worshipped Sif Muna.
Sif Muna was most pleased with you.
You were not hungry.

You visited 2 branches of the dungeon, and saw 12 of its levels.

You collected 619 gold pieces.

Inventory:

Hand Weapons
 h - a +4 short sword (weapon)
 n - a +1 hunting sling of flaming
 G - a +3 war axe
 H - a +3 trident
 L - a +1 war axe of chopping
 R - a +2 shortbow of flaming
Missiles
 a - 151 stones
 v - 82 sling bullets
 z - 14 poisoned needles
 D - 10 tomahawks
 F - 4 javelins (quivered)
 O - 7 tomahawks of dispersal
 T - 56 arrows
Armour
 o - a +0 cloak (worn)
 w - a +0 pair of gloves (worn)
Magical Staves
 S - an uncursed staff of power
Jewellery
 b - a ring of magical power (right hand)
 f - an uncursed ring of poison resistance
 I - an uncursed ring of see invisible {unknown}
 K - a +3 ring of intelligence (left hand)
 M - a +2 ring of evasion
 P - an uncursed ring of resist corrosion
Wands
 t - a wand of flame (1/48)
 x - a wand of iceblast (12/15)
 J - a wand of flame (28/48)
Scrolls
 e - 2 scrolls of identify
 i - 3 scrolls of fog {unknown}
 j - 6 scrolls of amnesia {unknown}
 m - 5 scrolls of remove curse
 p - 3 scrolls of magic mapping {unknown}
 q - a scroll of enchant armour {unknown}
 u - 3 scrolls of recharging {unknown}
 B - 6 scrolls of teleportation
Potions
 g - 3 potions of heal wounds {unknown}
 l - a potion of invisibility {unknown}
 r - 2 potions of agility {unknown}
 s - 2 potions of flight {unknown}
 A - 6 potions of curing
 C - 2 potions of brilliance {unknown}
 Q - 2 potions of ambrosia {unknown}
Books
 y - a book of Party Tricks

   Spells                             Type                      Level
   a - Summon Butterflies             Summoning                    1
   b - Apportation                    Translocation                1
   c - Tukima's Dance                 Hexes                        3
   d - Alistair's Intoxication        Transmutation/Poison         5
   e - Invisibility                   Hexes                        6
 N - Gedah's Collected Works on Battle Magic and Transmutation
   (You found it on level 8 of the Dungeon)

   Spells                             Type                      Level
   a - Magic Dart                     Conjuration                  1
   b - Sting                          Conjuration/Poison           1
   c - Throw Frost                    Conjuration/Ice              2
   d - Passwall                       Transmutation/Earth          2
   e - Static Discharge               Conjuration/Air              3
   f - Bolt of Magma                  Conjuration/Fire/Earth       5
   g - Irradiate                      Conjuration/Transmutation    5
Miscellaneous
 c - a disc of storms
Comestibles
 d - 3 fruits
 U - 7 beef jerkies


   Skills:
 + Level 5.2 Fighting
 + Level 2.4 Short Blades
 + Level 2.2 Bows
 + Level 5.2 Dodging
 + Level 1.7 Stealth
 + Level 10.0 Spellcasting
 + Level 6.3 Conjurations
   Level 1.0 Transmutations
 + Level 3.9 Fire Magic
 + Level 7.3 Earth Magic
 + Level 4.6 Evocations


You had 12 spell levels left.
You knew the following spells:

 Your Spells              Type           Power        Failure   Level  Hunger
a - Sandblast             Erth           #####.       1%          1    None
b - Stone Arrow           Conj/Erth      #####.       1%          3    None
c - Lee's Rapid Deconstr  Erth           #####.....   12%         5    ####...
d - Bolt of Magma         Conj/Fire/Erth #####.....   17%         5    ####...
e - Sting                 Conj/Pois      ###.         1%          1    None
f - Magic Dart            Conj           ####         1%          1    None
g - Apportation           Tloc           ##........   8%          1    None


Dungeon Overview and Level Annotations

Branches:
Dungeon (11/15)            Temple (1/1) D:7
   Lair: D:8-11         Orc: D:9-12

Altars:
Ashenzari
Cheibriados
Dithmenos
Elyvilon
Fedhas
Gozag
Kikubaaqudgha
Makhleb
Nemelex Xobeh
Okawaru
Pakellas
Qazlal
Ru
Sif Muna
Trog
Vehumet
Xom
Yredelemnul
Zin
The Shining One

Shops:
D:7 =


Innate Abilities, Weirdness & Mutations

You can breathe bolts of dispelling energy.
Your rich purple scales are hard (AC +7).
Your body does not fit into most forms of armour.
You are cold-blooded and may be slowed by cold attacks.


Message History

The hippogriff claws you but does no damage.
You hit the hippogriff. You tail-slap the hippogriff.
The hippogriff is almost dead.
The hippogriff bites you. The hippogriff misses you.
The hippogriff claws you but does no damage.
The hippogriff bites you.
* * * LOW HITPOINT WARNING * * *
The hippogriff barely misses you. The hippogriff claws you!
* * * LOW HITPOINT WARNING * * *
The orc wizard hits you but does no damage.
You climb upwards.
Something hits you but does no damage. Something hits you!
* * * LOW HITPOINT WARNING * * *
There is a stone staircase leading down, spattered with blood here.
Something hits you.
* * * LOW HITPOINT WARNING * * *
The orc wizard hits you with a dagger.
* * * LOW HITPOINT WARNING * * *
The hippogriff bites you but does no damage.
The hippogriff pecks you.
You die...

........#.#
#........≈#
..[..##...#
#........≈# .[.[##
#..# #.......###
....# #..###.......#
....# #...........##
....####............#
.(.........##.......#
.(..####.####....o..#
....# #.####...@>.##
....# ##.#.......H##
##### #....##...### #
#.#.##....# #
#.#.##....#
#.#.##....#
######......####
##...........#
.............#


You could see a hippogriff and an orc wizard.

Vanquished Creatures
  A hill giant (D:10)
  2 two-headed ogres
  6 yaks
  3 hippogriffs
  A hungry ghost (D:8)
  A water moccasin (D:8)
  A black bear (D:10)
  4 orc warriors
  4 sky beasts
  4 ogres
  An ice beast (D:8)
  A wasp (D:8)
  5 centaurs
  5 giant frogs
  4 scorpions
  A water moccasin skeleton (D:6)
  A howler monkey (D:3)
  An electric eel (D:10)
  A quasit (D:11)
  4 crimson imps
  5 jellies
  3 centaur skeletons
  6 hounds
  7 orc priests
  4 iguanas
  15 orc wizards
  13 worker ants
  A killer bee zombie (D:9)
  6 gnolls (D:5)
  10 adders
  A shadow imp (D:7)
  An adder zombie (D:2)
  An adder skeleton (D:4)
  3 worms
  3 dart slugs
  5 giant geckos
  48 orcs
  6 giant cockroaches
  4 goblins
  4 hobgoblins
  6 jackals
  7 kobolds
  5 quokkas
  15 bats
  A giant gecko skeleton (D:6)
  A giant gecko zombie (D:7)
  2 giant newts
  3 quokka skeletons
  10 rats
247 creatures vanquished.

Notes
Turn   | Place    | Note
--------------------------------------------------------------
     0 | D:1      | mrath the Draconian Earth Elementalist began the quest for the Orb.
     0 | D:1      | Reached XP level 1. HP: 14/14 MP: 3/3
   303 | D:1      | Reached XP level 2. HP: 10/20 MP: 0/5
  1372 | D:1      | Reached XP level 3. HP: 24/26 MP: 1/6
  1485 | D:1      | Learned a level 3 spell: Stone Arrow
  2485 | D:2      | Reached skill level 3 in Spellcasting
  2543 | D:2      | Found an iron altar of Okawaru.
  2807 | D:2      | Found a glowing silver altar of Zin.
  2856 | D:2      | Reached XP level 4. HP: 33/33 MP: 4/8
  3072 | D:2      | Reached skill level 1 in Conjurations
  3240 | D:3      | Reached XP level 5. HP: 38/38 MP: 8/10
  3576 | D:3      | Learned a level 5 spell: Lee's Rapid Deconstruction
  4387 | D:4      | Reached skill level 4 in Spellcasting
  4527 | D:4      | Reached XP level 6. HP: 41/45 MP: 8/12
  4667 | D:4      | Found a white marble altar of Elyvilon.
  4713 | D:4      | Noticed a water moccasin
  4749 | D:4      | Noticed a sky beast
  4770 | D:4      | Killed a sky beast
  5488 | D:5      | Entered Level 5 of the Dungeon
  5491 | D:5      | Reached skill level 5 in Spellcasting
  5622 | D:5      | Your scales start taking on a rich purple colour.
  5622 | D:5      | Reached skill level 6 in Spellcasting
  5622 | D:5      | Reached XP level 7. HP: 50/50 MP: 12/16
  5814 | D:5      | Found an opulent altar of Gozag.
  5980 | D:5      | Reached skill level 5 in Earth Magic
  6469 | D:5      | Reached skill level 7 in Spellcasting
  6946 | D:6      | Reached skill level 1 in Fighting
  7065 | D:6      | Reached skill level 1 in Evocations
  7065 | D:6      | Reached XP level 8. HP: 59/59 MP: 16/19
  7819 | D:7      | Found a snail-covered altar of Cheibriados.
  7845 | D:7      | Found a staircase to the Ecumenical Temple.
  7857 | Temple   | Entered the Ecumenical Temple
  7895 | Temple   | Became a worshipper of Sif Muna the Loreminder
  7989 | D:7      | Found a sacrificial altar of Ru.
  8593 | D:7      | Found a burning altar of Makhleb.
  8594 | D:7      | Found a radiant altar of Vehumet.
  8752 | D:7      | Found Liuj's Jewellery Shoppe.
  8762 | D:7      | Reached skill level 8 in Spellcasting
  9039 | D:8      | Found a shattered altar of Ashenzari.
  9047 | D:8      | Identified Gedah's Collected Works on Battle Magic and Transmutation
  9054 | D:8      | Learned a level 5 spell: Bolt of Magma
  9265 | D:8      | Reached * piety under Sif Muna
  9265 | D:8      | Reached skill level 1 in Fire Magic
  9265 | D:8      | Reached XP level 9. HP: 63/69 MP: 6/21
 10105 | D:8      | Reached skill level 9 in Spellcasting
 10257 | D:8      | Reached skill level 5 in Conjurations
 10767 | D:8      | Reached ** piety under Sif Muna
 11194 | D:9      | Learned a level 1 spell: Sting
 11198 | D:9      | Learned a level 1 spell: Magic Dart
 11289 | D:9      | Got a slimy mace
 11361 | D:9      | Identified the +3 mace of Extremism {freeze, rN++} (You found it on level 9 of the Dungeon)
 11538 | D:9      | Reached skill level 1 in Short Blades
 11538 | D:9      | Reached XP level 10. HP: 68/79 MP: 2/23
 11990 | D:9      | Reached skill level 1 in Bows
 12079 | D:9      | Learned a level 1 spell: Apportation
 12198 | D:10     | Entered Level 10 of the Dungeon
 12517 | D:10     | Noticed a hill giant
 12537 | D:10     | Killed a hill giant
 12814 | D:10     | Reached skill level 5 in Fighting
 13073 | D:10     | Reached skill level 5 in Dodging
 13112 | D:10     | Reached skill level 10 in Spellcasting
 13560 | D:10     | Reached *** piety under Sif Muna
 14521 | D:10     | HP: 3/81 [something (3)]
 14521 | D:10     | HP: 1/81 [orc wizard/dagger (2)]
 14521 | D:10     | Slain by a hippogriff

Vault maps used:
D:1:      dpeg_arrival_tiny_h, minivault_25
D:2:      nicolae_overflow_crystal_walls, nicolae_overflow_hidden_temple,
          serial_undead, serial_undead_e, serial_undead_c, serial_undead_f,
          serial_undead_b
D:4:      elyvilon_altar_5, minmay_vboxes
D:5:      lemuel_coloured_pillars_altar, first_bread
D:7:      grunt_temple_overflow_lords_of_destruction,
          nicolae_ru_sacrificial_ziggurat, serial_shops,
          nicolae_shop_behind_doors, minivault_5, cheibriados_altar_1
D:8:      old_standard_altar, grunt_ogre_cave, st_stairs_8,
          hangedman_decor_diamond_cutter
D:10:     statuecave_lemuel, david_orc_4
D:11:     due_lair_maze_entry_diamond, kennysheep_nondescript
Temple:   temple_eino_lava_12

Skill      XL: |  1  2  3  4  5  6  7  8  9 10 |
---------------+-------------------------------+-----
Dodging        | 2 3 4 5 |  5.2
Spellcasting   | 3 4 6 7 8 9 10 | 10.0
Conjurations   | 1 2 3 4 5 6 |  6.3
Earth Magic    | 4 5 6 7 |  7.3
Fighting       | 1 3 4 5 |  5.2
Evocations     | 1 2 4 |  4.6
Fire Magic     | 1 2 3 |  3.9
Short Blades   | 1 2 |  2.4
Bows           | 2 |  2.2
Stealth        | |  1.7
Transmutations | |  1.0

Action                   |  1- 3 |  4- 6 |  7- 9 | 10-12 || total
-------------------------+-------+-------+-------+-------++-------
Melee: Club              |    23 |       |       |       ||    23
       Tailslap          |     9 |     2 |     4 |     5 ||    20
       Short sword       |    63 |     2 |    17 |    41 ||   123
       Flail             |       |    42 |     9 |       ||    51
       Shortbow          |       |       |       |     2 ||     2
 Fire: Hunting sling     |       |    10 |    21 |     8 ||    39
       Shortbow          |       |       |    30 |    36 ||    66
Throw: Stone             |     1 |       |       |       ||     1
       Tomahawk          |       |     2 |       |       ||     2
       Javelin           |       |     2 |    27 |     4 ||    33
 Cast: Sandblast         |    88 |    81 |   137 |    15 ||   321
       Stone Arrow       |       |       |    75 |    95 ||   170
       Sting             |       |       |       |     2 ||     2
       Bolt of Magma     |       |       |       |     1 ||     1
  Use: Scroll            |       |       |     7 |       ||     7
  Eat: Chunk             |     7 |     8 |    17 |     5 ||    37
       Beef jerky        |       |       |     1 |       ||     1
       Royal jelly       |       |       |     1 |       ||     1
       Fruit             |       |       |       |     2 ||     2
       Pizza             |       |       |       |     2 ||     2
Armor: Skin              |    52 |    37 |    32 |    82 ||   203
Dodge: Dodged            |   123 |    62 |    86 |    98 ||   369
